AoeStats
← [Massa] Edo

Socotra

504834391Analyzed
2v2 RM · 26d ago on Sep 6, 2026· 45m 50s· 4 players
Game mode
Random Map
Map size
Tiny (2 player)
Population
200
Speed
Normal
Resources
Standard
Victory
Conquest
Starting age
Dark Age
Ending age
Imperial Age
RankedLock teamsTeams togetherTeam positionsShared explorationLock speedFull tech treeHidden civsTurbo modeCheats
Victory
Defeat
🇧🇷 Japanese · Brazil
1408
+15
🇨🇦 Ethiopians · Canada
1402
+15
🇦🇷 Mongols · Argentina
1453
-17
🇦🇷 Goths · Argentina
1330
-13
pity
0:57 Loom
12:19 Feudal Age
12:26 Man-at-Arms
15:27 Fletching
16:00 Double-Bit Axe
16:42 Padded Archer Armor
22:43 Horse Collar
29:23 Castle Age
27:53 Forging
27:44 Scale Mail Armor
27:52 Gold Mining
29:21 Scale Mail Armor
29:34 Town Watch
29:27 Long Swordsman
30:08 Squires
30:29 Chain Mail Armor
31:12 Wheelbarrow
31:48 Iron Casting
32:39 Pikeman
38:26 Bow Saw
FrAnKeN
7:35 Feudal Age
8:28 Double-Bit Axe
9:31 Loom
14:00 Horse Collar
15:30 Fletching
17:37 Wheelbarrow
19:16 Padded Archer Armor
22:44 Castle Age
21:51 Gold Mining
23:21 Bodkin Arrow
22:47 Crossbowman
23:28 Elite Skirmisher
24:26 Bow Saw
25:37 Leather Archer Armor
34:11 Ballistics
36:04 Heavy Plow
37:23 Town Watch
44:29 Imperial Age
Jaha
0:37 Loom
10:16 Feudal Age
10:52 Town Watch
10:54 Double-Bit Axe
12:27 Fletching
23:03 Scale Barding Armor
25:15 Horse Collar
29:19 Castle Age
29:30 Padded Archer Armor
29:22 Crossbowman
36:36 Thumb Ring
37:00 Ballistics
36:42 Bodkin Arrow
[Massa] Edo
5:31 Loom
7:58 Feudal Age
8:39 Loom
11:18 Double-Bit Axe
15:31 Fletching
16:10 Padded Archer Armor
23:54 Castle Age
22:44 Gold Mining
22:36 Horse Collar
23:56 Crossbowman
24:33 Bodkin Arrow
24:54 Leather Archer Armor
27:21 Ballistics
31:38 Thumb Ring
36:57 Imperial Age
36:16 Bow Saw
36:07 Heavy Plow
37:22 Arbalester
38:18 Bracer
41:21 Wheelbarrow
42:51 Chemistry
45:05 Ring Archer Armor
44:35 Scale Mail Armor
44:46 Forging
46:08 Conscription
Connection lost

Rejoining the realm…

Still unreachable

The connection could not be restored.

Session expired

The server has moved on; the page needs a fresh start.